cohdb
Replays
Latest Replays
All Replays
Popular Replays
Top Player Replays
Match Explorer
How It Works
Community
CoH3 Stats
Reddit
Sign in to upload your games and track your stats! →
Sign in with Steam
Match 41175477
Unlisted
Match 41175477
Overview
Messages
Build Orders
End
Royal Engineer Section
Construct Section Command Post
Selects Canadian Shock Battlegroup
Royal Engineer Section
Construct Section Command Post
Infantry Section
Infantry Section
Selects Attacking Spirit
Selects Canadian Shock Section
Infantry Section
Selects Incendiary Munitions
Construct Platoon Command Post
Humber Armored Car
Selects Pyrotechnics
Infantry Training
6-pounder Anti-tank Gun Team
Grenade Package
Canadian Shock Section
Construct Field Infirmary
Construct Company Command Post
Selects Churchill Crocodile Heavy Tank
Selects Smoke Operation
Selects Point Assault
Churchill Crocodile Heavy Tank
Null
Morsezeichen
0
0
Comments
sign in to comment!
No comments posted yet!